 Dungeon Crawl Stone Soup version 0.22-a0-362-g535178c (webtiles) character file.

23 Amnesiac the Shield-Bearer (level 2, 0/18 HPs)
             Began as a Deep Elf Fighter on Apr 21, 2018.
             Slain by a centaur skeleton (2 damage)
             ... on level 2 of the Dungeon.
             The game lasted 00:00:42 (397 turns).

Amnesiac the Shield-Bearer (Deep Elf Fighter)        Turns: 397, Time: 00:00:43

Health: 0/18       AC:  6    Str: 13    XL:     2   Next: 75%
Magic:  4/4        EV:  7    Int: 12    God:
Gold:   34         SH:  8    Dex: 14    Spells: 1/1 levels left

rFire    . . .     SeeInvis .   a - +0 war axe
rCold    . . .     Gourm    .   c - +0 shield
rNeg     . . .     Faith    .   b - +0 scale mail
rPois    .         Spirit   .   (no helmet)
rElec    .         Reflect  .   (no cloak)
rCorr    .         Harm     .   (no gloves)
MR       .....                  (no boots)
Stlth    ..........             (no amulet)
HPRegen  0.06/turn              (no ring)
MPRegen  0.09/turn              (no ring)

@: no status effects
A: no striking features
a: no special abilities


You were on level 2 of the Dungeon.
You were not hungry.

You visited 1 branch of the dungeon, and saw 2 of its levels.

You collected 34 gold pieces.

Inventory:

Hand Weapons
 a - a +0 war axe (weapon)
Armour
 b - a +0 scale mail (worn)
 c - a +0 shield (worn)
 h - a +0 buckler
Scrolls
 e - a scroll of teleportation {!r, unknown}
 i - a scroll of immolation {!r, unknown}
 k - a scroll of identify {!r, unknown}
 l - a scroll of remove curse {!r, unknown}
Potions
 d - a potion of might {!q}
 j - a potion of magic {!q, unknown}
Comestibles
 f - 2 rations
 g - a chunk of flesh


   Skills:
 - Level 2.4 Fighting
 - Level 2.1 Axes
 - Level 2.4 Armour
 + Level 2.3 Dodging
 - Level 2.4 Shields


You had one spell level left.
You didn't know any spells.

Dungeon Overview and Level Annotations

Branches:
Dungeon (1/15)

Altars:


Message History

A quokka, 3 jackals and a hound come into view.
The jackal barks! x3; The hound barks!
You hear a shout!
You hear an angry hiss.
Found four items.
You open the door.
A bat comes into view.
You block the bat's attack.
You closely miss the bat. You hit the quokka.
The bat hits you but does no damage. You block the bat's attack.
The quokka bites you but does no damage.
You block the bat's attack.
The quokka bites you but does no damage.
You closely miss the bat. You hit the quokka.
You kill the quokka!
You block the bat's attack. The bat hits you but does no damage.
There is an open door here.
The bat barely misses you. x2
You slash the bat!
You kill the bat! 2 gnolls come into view.
The gnoll shouts! x2
A gnoll comes into view. It is wielding a flail.
The gnoll shouts!
The gnoll barely misses you. You block the gnoll's attack.
The hound barely misses you.
Found 21 arrows.
You block the gnoll's attack.
The gnoll hits you from afar with a spear!
The hound bites you.
* * * LOW HITPOINT WARNING * * *
The hound bites you.
* * * LOW HITPOINT WARNING * * *
A centaur skeleton comes into view.
The hound barely misses you. The gnoll completely misses you.
The hound barely misses you.
You slash the centaur skeleton!
The centaur skeleton is heavily damaged.
You hit the hound but do no damage. The hound barely misses you.
You block the centaur skeleton's attack.
The hound bites you.
* * * LOW HITPOINT WARNING * * *
The centaur skeleton barely misses you. You block the hound's attack.
You slash the centaur skeleton!
The centaur skeleton is severely damaged.
You closely miss the hound. You block the hound's attack.
You block the centaur skeleton's attack.
The hound bites you but does no damage. The centaur skeleton hits you.
* * * LOW HITPOINT WARNING * * *
Unknown command.
You miss the hound. You hit the centaur skeleton. The hound bites you.
* * * LOW HITPOINT WARNING * * *
You block the centaur skeleton's attack.
The hound closely misses you.
The centaur skeleton closely misses you.
Unknown command.
Okay, then.
You hit the centaur skeleton.
The centaur skeleton is almost destroyed.
You hit the hound but do no damage.
The hound pauses to sniff the ground.
You block the hound's attack. The hound barely misses you.
The centaur skeleton closely misses you.
You block the hound's attack. The centaur skeleton hits you.
You die...

## #g #### #g
.....####. ##
.....#..gg###### ..
.....##.##h.gh(# .#.#
..$.....##.###h###....#
........##.#..hh@Z.#
.......†##h#########
.......h†h.#
).....h.#### ........#
.....#### ..... ....
.!..


You could see a hound, a gnoll, 3 jackals and a centaur skeleton.

Vanquished Creatures
  2 oozes (D:1)
  A leopard gecko (D:1)
  4 bats
  A giant cockroach (D:1)
  A quokka (D:2)
  A frilled lizard (D:1)
  2 kobolds (D:1)
  2 rats (D:1)
14 creatures vanquished.

Notes
Turn   | Place    | Note
-------+----------+-------------------------------------------
     0 | D:1      | Amnesiac the Deep Elf Fighter began the quest for the Orb.
     0 | D:1      | Reached XP level 1. HP: 13/13 MP: 3/3
   107 | D:1      | Reached XP level 2. HP: 14/18 MP: 4/4
   147 | D:1      | Reached skill level 1 in Dodging
   376 | D:1      | You fall through a shaft!
   397 | D:2      | Slain by a centaur skeleton

Vault maps used:
D:1:      minmay_arrival_hallway, st_stairs_6
D:2:      uniq_sigmund

Skill      XL: |  1  2 |
---------------+-------+-----
Axes           | 2 |  2.1
Dodging        | 2 |  2.3
Fighting       | |  2.4
Armour         | |  2.4
Shields        | |  2.4

Action                   || total
-------------------------++-------
Melee: War axe           ||    50
Armor: Scale mail        ||    41
Dodge: Dodged            ||    27
Block: Shield            ||    44

Table legend:
 A = Spawn XP
 B = Non-spawn XP
 C = Spawn XP percentage of total XP
 D = Spawn monster count
 E = Non-spawn monster count
 F = Spawn count percentage of total count
 G = Total turns spent on level
                    A         B        C        D         E        F      G
               +---------+---------+-------+---------+---------+-------+---------
         Total |       0 |      34 |   0.0 |       0 |      14 |   0.0 |   397
               +---------+---------+-------+---------+---------+-------+---------
           D:1 |       0 |      30 |   0.0 |       0 |      12 |   0.0 |   376
           D:2 |       0 |       4 |   0.0 |       0 |       2 |   0.0 |    21
               +---------+---------+-------+---------+---------+-------+---------
